 Dungeon Crawl Stone Soup version 0.30.0-29-ga12c61a403 (webtiles) character file.

Game seed: 15518257640473118317

1676 Graphine the Covered (level 8, -6/109 HPs)
             Began as a Minotaur Fighter on June 16, 2023.
             Mangled by Duvessa
             ... wielding a +2 short sword of electrocution
              (12 damage)
             ... on level 8 of the Dungeon.
             The game lasted 00:15:59 (5280 turns).

Graphine the Covered (Minotaur Fighter)             Turns: 5280, Time: 00:15:59

Health: -6/109     AC: 24    Str: 23    XL:     8   Next: 70%
Magic:  7/7        EV:  2    Int:  5    God:
Gold:   413        SH:  6    Dex: 10    Spells: 7/7 levels left

rFire   . . .        a - +1 flail
rCold   . . .        c - +1 buckler
rNeg    . . .        z - melded +0 chain mail
rPois   +            o - melded +1 hat
rElec   .            v - melded scarf {+Inv}
rCorr   .            (gloves currently unavailable)
SInv    .            (boots currently unavailable)
Will    .....        (no amulet)
Stlth   +            f - ring of poison resistance
HPRegen 0.38/turn    u - +5 ring of evasion
MPRegen 0.10/turn

%: no passive effects
@: mighty, tree-form, hasted, very quick
A: stationary, stasis, torment immunity, boosted hp, (horns 2), (retaliatory
headbutt)
a: no special abilities


You were on level 8 of the Dungeon.
You were a tree.
You visited 1 branch of the dungeon, and saw 8 of its levels.
You also visited: Sewer.

You collected 413 gold pieces.

Inventory:

Hand Weapons
 a - a +1 flail (weapon)
 g - a +2 falchion of holy wrath
 A - a +4 quarterstaff of chaos
 E - a +1 sling of draining
Missiles
 j - 8 boomerangs (quivered)
Armour
 c - a +1 buckler (worn)
 o - a +1 hat (melded)
 v - a scarf of invisibility (melded)
 z - a +0 chain mail (melded)
Jewellery
 f - a ring of poison resistance (left branch)
 s - a ring of resist corrosion
 u - a +5 ring of evasion (right branch)
Wands
 b - a wand of charming (9)
 D - a wand of iceblast (8)
Scrolls
 d - 4 scrolls of teleportation
 l - a scroll of amnesia
 n - a scroll of poison
 r - a scroll of magic mapping
 w - a scroll of fear
 y - 2 scrolls of blinking
 B - a scroll of butterflies
Potions
 e - 2 potions of curing
 i - 3 potions of cancellation
 k - a potion of degeneration
 m - a potion of resistance
 p - a potion of attraction
 q - a potion of brilliance
 t - 2 potions of might
 C - a potion of heal wounds {unknown}
 F - a potion of berserk rage {unknown}
 G - a potion of flight {unknown}


   Skills:
 * Level 7.5 Fighting
 * Level 7.0 Maces & Flails
 * Level 7.6 Armour
 * Level 7.5 Shields


You had 7 spell levels left.
You didn't know any spells.
Your spell library contained the following spells:

 Spells                   Type           Power      Damage    Failure   Level
 Apportation              Tloc           0%         N/A       52%         1
 Dazzling Flash           Conj/Hex       0%         N/A       88%         3
 Volatile Blastmotes      Fire/Tloc      0%         2d10      88%         3
 Animate Armour           Summ/Erth      0%         N/A       99%         4
 Iskenderun's Mystic Bla  Conj/Tloc      0%         2d3       99%         4
 Alistair's Intoxication  Tmut/Pois      0%         N/A       100%        5
 Blade Hands              Tmut           0%         N/A       100%        5
 Iron Shot                Conj/Erth      0%         9d1       100%        6
 Starburst                Conj/Fire      0%         6d3       100%        6


Dungeon Overview and Level Annotations

Branches:
Dungeon (8/15)              Sewer (visited)
 Temple: D:4-7         Lair: D:8-11

Altars:
Cheibriados
Dithmenos
Nemelex Xobeh

Shops:
D:7 *

Annotations:
D:8 Duvessa


Innate Abilities, Weirdness & Mutations

You are a tree.
Your roots penetrate the ground, keeping you stationary.
You cannot be teleported.
You are immune to unholy pain and torment.
Your maximum health is greatly increased.
Your equipment is partially melded.
((You have a pair of horns on your head.))
((You reflexively headbutt those who attack you in melee.))


Message History

Found four items.
You feel very mighty all of a sudden. You block Duvessa's attack.
You feel yourself speed up. You block Duvessa's attack. x2
You hit Duvessa.
Duvessa is lightly wounded.
Duvessa closely misses you. You furiously retaliate!
You headbutt Duvessa. You closely miss Duvessa. You headbutt Duvessa.
Duvessa is moderately wounded.
You barely miss Duvessa. You headbutt Duvessa!
Duvessa is heavily wounded.
Duvessa hits you with a +2 short sword of electrocution.
Duvessa hits you with a +2 short sword of electrocution!
You closely miss Duvessa.
Duvessa is heavily wounded.
You block Duvessa's attack.
You sock Duvessa!
Duvessa is severely wounded.
Duvessa hits you with a +2 short sword of electrocution!
* * * LOW HITPOINT WARNING * * *
You are electrocuted!
* * * LOW HITPOINT WARNING * * *
You feel better. Duvessa barely misses you. You furiously retaliate!
You headbutt Duvessa!
Really quaff the potion of lignification?
You turn into a tree.
Your scarf of invisibility melds into your body.
Your +1 hat melds into your body.
Your +0 chain mail melds into your body.
Your roots penetrate the ground.
You block Duvessa's attack.
You barely miss Duvessa.
Duvessa is severely wounded.
Duvessa hits you with a +2 short sword of electrocution.
* * * LOW HITPOINT WARNING * * *
You barely miss Duvessa.
Duvessa is severely wounded.
Duvessa hits you with a +2 short sword of electrocution!
* * * LOW HITPOINT WARNING * * *
You are electrocuted!
You die...

#.....!
#.....
#.....
#....
#...#
#...#
#...#
+e♣.+
#...#
..####
#.. ...
$..?
.#..
...


You could see Duvessa (berserk, fast).

Vanquished Creatures
  A water moccasin (D:5)
  A black bear (D:6)
  A sky beast (D:6)
  An ogre (D:6)
  A kobold brigand (D:6)
  2 bullfrogs (Sewer)
  A scorpion (D:5)
  Dowan (D:7)
  2 howler monkeys (D:3)
  3 jellies
  7 hounds
  Crazy Yiuf (D:5)
  4 iguanas
  2 orc wizards (D:6)
  A sleepcap (D:6)
  6 gnolls (D:3)
  9 adders
  9 river rats
  A white imp (D:5)
  An ufetubus (D:6)
  A worm (D:3)
  4 dart slugs
  22 orcs
  2 bats
  13 endoplasms
  2 giant cockroaches (D:1)
  A goblin (D:1)
  7 hobgoblins
  10 jackals (D:3)
  10 kobolds
  4 quokkas
  21 ball pythons
  8 frilled lizards
  40 rats
200 creatures vanquished.

Notes
Turn   | Place    | Note
-------+----------+-------------------------------------------
     0 | D:1      | Graphine the Minotaur Fighter began the quest for the Orb.
     0 | D:1      | Reached XP level 1. HP: 19/19 MP: 0/0
    28 | D:1      | Found a faded altar of an unknown god.
   125 | D:1      | Reached XP level 2. HP: 27/27 MP: 1/1
   847 | D:2      | Reached XP level 3. HP: 33/33 MP: 2/2
  1470 | D:3      | Reached XP level 4. HP: 25/40 MP: 3/3
  1613 | D:3      | Reached XP level 5. HP: 16/47 MP: 4/4
  1614 | D:3      | Reached skill level 5 in Armour
  1614 | D:3      | Reached skill level 5 in Shields
  1618 | D:3      | Reached skill level 5 in Fighting
  1667 | D:3      | Reached XP level 6. HP: 27/56 MP: 5/5
  1752 | D:3      | Found a glowing drain.
  1774 | Sewer    | Entered a sewer
  2120 | Sewer    | Reached skill level 5 in Maces & Flails
  2120 | Sewer    | Reached XP level 7. HP: 39/62 MP: 6/6
  2214 | D:3      | Found a snail-covered altar of Cheibriados.
  3285 | D:5      | Entered Level 5 of the Dungeon
  3751 | D:5      | Reached XP level 8. HP: 71/71 MP: 7/7
  4025 | D:5      | Found a runed translucent door.
  4026 | D:5      | Noticed Crazy Yiuf
  4159 | D:5      | Killed Crazy Yiuf
  4575 | D:6      | Found a shadowy altar of Dithmenos.
  5131 | D:7      | Found a sparkling altar of Nemelex Xobeh.
  5138 | D:7      | Found Ucwaiv's Island Escapes.
  5236 | D:7      | Noticed Dowan
  5250 | D:7      | Noticed Duvessa
  5260 | D:7      | Killed Dowan
  5280 | D:8      | Mangled by Duvessa

Illustrated notes

Levels and vault maps discovered:
D:1:      spicycebolla_green_bress_n_ham, layout_loops_ring,
          basic_ecumenical_altar, hangedman_glass_garden, minmay_strange_pillars
D:2:      layout_loops_ring, minmay_misc_feat_plants
D:3:      lemuel_castle_with_subvaults [lemuel_castle_interior_carwin_2],
          layout_rooms, lemuel_tele_altar, portal_sewer_entry_a,
          chequers_serial_rivers_micro_a
D:4:      layout_cave_pods, dk_noncrumbling_3
D:5:      layout_cave_pods, kennysheep_cluttered_room, uniq_crazy_yiuf_cottage
D:6:      layout_cave_pools, mainiacjoe_overflow_surrounded_room,
          hangedman_abyss_or_decor_lesser_grid, chequers_mini_garden,
          minmay_circle_x
D:7:      layout_rooms, mainiacjoe_overflow_concentric_impassable,
          kennysheep_little_box, cheibrodos_ashenzari_chains,
          minmay_temple_entry_purple_smoke, minmay_hedge_maze,
          nicolae_island_escapes, uniq_duvessa
D:8:      layout_basic, lemuel_crystal_altar, ebering_dispersal_statue_hall

Skill      XL: |  1  2  3  4  5  6  7  8 |
---------------+-------------------------+-----
Fighting       | 4 5 6 7 |  7.5
Armour         | 4 5 6 7 |  7.6
Shields        | 4 5 6 7 |  7.5
Maces & Flails | 3 4 5 6 7 |  7.0

Action                     |  1- 3 |  4- 6 |  7- 9 || total
---------------------------+-------+-------+-------++-------
  Melee: Flail             |    91 |   171 |   186 ||   448
         Headbutt          |    12 |    21 |    28 ||    61
   Fire: Sling             |       |       |     2 ||     2
    Use: Scroll            |     8 |       |    13 ||    21
         Potion            |       |     5 |     4 ||     9
 Armour: Scale mail        |    40 |   131 |    24 ||   195
         Chain mail        |       |       |    17 ||    17
  Dodge: Dodged            |    42 |   145 |   110 ||   297
  Block: Buckler           |    19 |    76 |    49 ||   144
